 Dungeon Crawl Stone Soup version 0.24-a0-459-g225fefd530 (webtiles) character file.

Game seed: 1848732402355952969

31 Mrkan the Ruffian (level 3, -15/36 HPs)
             Began as a Troll Abyssal Knight on June 29, 2019.
             Was a Follower of Lugonu.
             Killed from afar by a wretched star (22 damage)
             ... with an orb of energy
             ... on level 1 of the Abyss.
             The game lasted 00:00:35 (85 turns).

Mrkan the Ruffian (Troll Abyssal Knight)              Turns: 85, Time: 00:00:35

Health: -15/36     AC:  6    Str: 20      XL:     3   Next: 7%
Magic:  3/3        EV: 10    Int:  8      God:    Lugonu [*.....]
Gold:   4          SH:  0    Dex:  7 (10) Spells: 2/2 levels left

rFire    . . .     SeeInvis .     - Unarmed
rCold    . . .     Gourm    +   (no shield)
rNeg     . . .     Faith    .   a - +0 robe
rPois    .         Spirit   .   (helmet restricted)
rElec    .         Reflect  .   (no cloak)
rCorr    .         Harm     .   (gloves unavailable)
MR       .....                  (boots unavailable)
Stlth    +.........             (no amulet)
HPRegen  0.52/turn              (no ring)
MPRegen  0.08/turn              (no ring)

@: no status effects
A: large, unfitting armour, claws 3, fast metabolism 3, gourmand, regeneration
1, shaggy fur 1, tough skin 3
a: Depart the Abyss, Renounce Religion


You were on level 1 of the Abyss.
You worshipped Lugonu.
Lugonu was aware of your devotion.
You were not hungry.

You visited 0 branches of the dungeon, and saw 0 of its levels.
You visited the Abyss 1 time.

You collected 4 gold pieces.

Inventory:

Armour
 a - a +0 robe (worn)
Scrolls
 c - a scroll of identify {unknown}
Comestibles
 b - 2 rations


   Skills:
 - Level 2.4 Fighting
 - Level 1.9 Dodging
 * Level 3.1 Unarmed Combat
 + Level 2.2 Invocations


You had 2 spell levels left.
You didn't know any spells.
Your spell library was empty.

Dungeon Overview and Level Annotations

Branches:
Dungeon (0/15)

Altars:


Innate Abilities, Weirdness & Mutations

You are too large for most types of armour.
You have claws for hands.
Your metabolism is lightning-fast.
You like to eat raw meat.
Your natural rate of healing is unusually fast.
You are covered in fur. (AC +1)
You have extremely tough skin. (AC +3)


Message History

Your Unarmed Combat skill increases to level 3!
Your Invocations skill increases to level 2!
You have reached level 2!
You have reached level 3!
Your experience leads to an increase in your attributes!
Your base attributes are Str 19, Int 8, Dex 9.
Increase (S)trength, (I)ntelligence, or (D)exterity?
You feel agile.
You feel stronger.
The substance of the Abyss twists violently, and a gateway leading out appears!
Found a pair of gloves.
A wretched star comes into view.
The wretched star glows turbulently.
The orb of energy hits you!!
Ouch! That really hurt!
* * * LOW HITPOINT WARNING * * *
The orb of energy explodes!
The wretched star glows turbulently.
The orb of energy hits you!!
Ouch! That really hurt!
You die...

. .......... # .
.... ..#..## .. .# .
...##.#..##.#.#. .#
. ......##.......#
.# ..##.. .... ....
.....#.. .....
........
#..###.####.*.
.......#∩.####.#...#
...........##.#..#
.............@...#
......#..##.###..#
... ..#..##.# ...# .
........[..##....
...........#.#..###.
......# .## .#... ..
....#..# ##... # . .
... .##.


You could see a wretched star.

Vanquished Creatures
  A quasit (Abyss:1)
1 creature vanquished.

Notes
Turn   | Place    | Note
-------+----------+-------------------------------------------
     0 | Abyss:1  | Mrkan the Troll Abyssal Knight began the quest for the Orb.
     0 | Abyss:1  | Reached XP level 1. HP: 22/22 MP: 1/1
    56 | Abyss:1  | Noticed a quasit
    73 | Abyss:1  | Killed a quasit
    73 | Abyss:1  | Reached skill level 3 in Unarmed Combat
    73 | Abyss:1  | Reached XP level 2. HP: 19/29 MP: 2/2
    73 | Abyss:1  | Reached XP level 3. HP: 24/36 MP: 3/3
    83 | Abyss:1  | Noticed a wretched star
    85 | Abyss:1  | Killed from afar by a wretched star

Levels and vault maps discovered:
Abyss:1

Skill      XL: |  1 |
---------------+----+-----
Unarmed Combat | 3 |  3.1
Invocations    | 2 |  2.2
Fighting       | |  2.4
Dodging        | |  1.9

Action                   || total
-------------------------++-------
Melee: Unarmed           ||    15
Armor: Robe              ||    30
Dodge: Dodged            ||    19

Table legend:
 A = Non-vault XP
 B = Vault XP
 C = Vault XP percentage of total XP
 D = Non-vault monster count
 E = Vault monster count
 F = Vault count percentage of total count
                 A         B        C        D         E       F
            +---------+---------+-------+---------+---------+-------
      Total |      45 |       0 |   0.0 |       1 |       0 |   0.0
            +---------+---------+-------+---------+---------+-------
    Abyss:1 |      45 |       0 |   0.0 |       1 |       0 |   0.0
            +---------+---------+-------+---------+---------+-------
